 Dungeon Crawl Stone Soup version 0.32-a0-859-gb0a091d592 (webtiles) character file.

Game seed: 7389777354163971039

4 ragingrage the Grave Robber (level 1, 0/15 HPs)
             Began as a Naga Necromancer on Mar 27, 2024.
             Slain by a jackal (2 damage)
             ... on level 1 of the Dungeon.
             The game lasted 00:00:24 (166 turns).

ragingrage the Grave Robber (Naga Necromancer)       Turns: 166, Time: 00:00:25

Health: 0/15       AC:  1    Str: 10    XL:     1   Next: 70%
Magic:  2/3        EV:  8    Int: 15    God:
Gold:   0          SH:  0    Dex: 11    Spells: 3/4 levels left

rFire   . . .        (no weapon)
rCold   . . .        (no shield)
rNeg    . . .        a - +0 robe
rPois   +            (no helmet)
rElec   .            (no cloak)
rCorr   .            (no gloves)
SInv    +            (no barding)
Will    .....        (no amulet)
Stlth   ++           (no ring)
HPRegen 0.22/turn    (no ring)
MPRegen 0.08/turn

%: no passive effects
@: very slow
A: AC +0, large, see invisible, deformed body, poison resistance, slowness 2,
spit poison 1, naga tail 1
a: Spit Poison


You were on level 1 of the Dungeon.
You visited 1 branch of the dungeon, and saw 1 of its levels.

Inventory:

Armour
 a - a +0 robe (worn)
Scrolls
 c - a scroll of enchant weapon {unknown}


   Skills:
 - Level 1.5 Dodging
 + Level 3.4 Stealth
 - Level 2.0 Spellcasting
 + Level 4.1 Necromancy


You had 3 spell levels left.
You knew the following spells:

 Your Spells              Type           Power      Damage    Failure   Level
a - Necrotise             Necr           52%        1d6       4%          1

Your spell library contained the following spells:

 Spells                   Type           Power      Damage    Failure   Level
 Vampiric Draining        Necr           13%        2d6       12%         3
 Animate Dead             Necr           13%        N/A       38%         4
 Curse of Agony           Necr           13%        N/A       75%         5


Dungeon Overview and Level Annotations

Branches:
Dungeon (1/15)

Altars:


Innate Abilities, Weirdness & Mutations

Your serpentine skin is tough. (AC +0)
You have supernaturally acute eyesight. (SInv)
Armour fits poorly on your strangely shaped body.
Your system is resistant to poisons. (rPois)
You cover ground very slowly.
You can spit poison.
You have a snake-like lower body.


Message History

Your jackal skeleton barely misses the jackal.
The jackal completely misses your jackal skeleton.
The jackal bites your jackal skeleton.
Your jackal skeleton bites the jackal.
The jackal bites your jackal skeleton.
Your jackal skeleton barely misses the jackal.
The jackal bites your jackal skeleton.
Your jackal skeleton closely misses the jackal.
The jackal barely misses your jackal skeleton.
Your jackal skeleton closely misses the jackal.
The jackal barely misses your jackal skeleton.
Your jackal skeleton barely misses the jackal.
The jackal bites your jackal skeleton.
Your jackal skeleton is destroyed!
Aiming: Spit Poison (3% risk of failure)
Press: ? - help, Shift-Dir - straight line, f - jackal
Aim: a jackal (lightly wounded, 43% to hit)
The splash of poison misses the jackal.
Aiming: Necrotise (safe; 4% risk of failure)
Press: ? - help, Q - select action, (/) - cycle Shift-Dir - straight line, f/p - jackal
Aim: a jackal (lightly wounded, chance to affect: 83%)
The jackal barely resists.
An endoplasm comes into view.
You have got your breath back.
You hit the jackal but do no damage. The jackal barely misses you.
You closely miss the jackal.
The endoplasm quivers.
The jackal barely misses you. The jackal bites you.
You barely miss the jackal. The jackal bites you.
* * * LOW HITPOINT WARNING * * *
Okay, then.
Magic courses through your body. The jackal bites you.
* * * LOW HITPOINT WARNING * * *
The jackal barely misses you.
Unknown command.
Aiming: Necrotise (safe; 4% risk of failure)
Press: ? - help, Q - select action, (/) - cycle Shift-Dir - straight line, f/p - jackal
Aim: a jackal (lightly wounded, chance to affect: 83%)
The jackal writhes in agony.
The jackal bites you.
You die...

#.# ######.#
#.# #......#
#.# #.######
#.# #.#
####.####.#
#.........#
.....##h######
#### #h# #@#
....J...#
#########


You could see an endoplasm and 2 jackals.

Vanquished Creatures
  An endoplasm (D:1)
  2 jackals (D:1)
  A rat (D:1)
4 creatures vanquished.

Notes
Turn   | Place    | Note
-------+----------+-------------------------------------------
     0 | D:1      | ragingrage the Naga Necromancer began the quest for the
                  | Orb.
     0 | D:1      | Reached XP level 1. HP: 15/15 MP: 3/3
   166 | D:1      | Slain by a jackal

Illustrated notes

Levels and vault maps discovered:
D:1:      saegor_arrival_simple_b, layout_loops_ring, minmay_cupped

Action                     || total
---------------------------++-------
  Melee: Unarmed           ||    13
   Cast: Necrotise         ||     9
Ability: Spit Poison       ||     2
    Use: Potion            ||     1
 Armour: Robe              ||    14
  Dodge: Dodged            ||     9

Table legend: (Time is in decaauts)
 A = Elapsed time spent in this place.
 B = Non-inter-level travel time spent in this place.
 C = Inter-level travel time spent in this place.
 D = Time resting spent in this place.
 E = Time spent auto-exploring this place.
 F = Levels seen in this place.
 G = Mean time per level.
                   A        B        C        D        E       F      G
               +--------+--------+--------+--------+--------+-----+--------+
         Total |    201 |    201 |      0 |      0 |    153 |   1 |  201.0 |
       Dungeon |    201 |    201 |      0 |      0 |    153 |   1 |  201.0 |
               +--------+--------+--------+--------+--------+-----+--------+

Top non-repeatable levels by time:
     D:1: 201 daAuts
